[Event "HSK GM Invitational 2022"]
[Site "Hamburg"]
[Date "2022.05.21"]
[Round "2.5"]
[White "Souleidis, Georgios"]
[Black "Trent, Lawrence"]
[Result "1/2-1/2"]
[ECO "C01"]
[WhiteElo "2430"]
[BlackElo "2398"]
[Annotator "TA"]
[PlyCount "146"]
[EventDate "2022.05.20"]
[EventType "tourn"]
[EventCountry "GER"]
[SourceTitle "playchess.com"]
[Source "ChessBase"]
[SourceQuality "1"]
[TimeControl "40/5400+30:1800+30"]

1. e4 e6 2. d4 d5 3. exd5 exd5 4. Nf3 Bd6 5. c4 Nf6 6. c5 Be7 7. Bd3 O-O {[%emt 0:01:02] C01: French: Exchange Variation.} 8. O-O b6 9. Be3 bxc5 10. dxc5 {[%emt 0:00:27] [#]} a5 $146 ({Predecessor:} 10... Na6 11. Bxa6 Bxa6 12. Re1 Re8 13. Nbd2 Qd7 14. Rc1 Bf8 15. h3 Qb5 16. Nb3 Rad8 {1-0 (44) Xiong,J (2709)-Holt,C (2549) Chess.com INT 2021}) 11. Nbd2 Nc6 12. Bb5 Bd7 13. Qa4 Nb4 14. c6 Bf5 15. Nd4 {[%emt 0:00:23] Prevents Nc2.} Bg6 16. N2f3 Bd6 17. Rac1 Re8 18. Bg5 h6 19. Bh4 Re4 20. a3 {[%emt 0:14:36] [#]} (20. Bg3 $5 ) 20... Bh5 $1 {[%emt 0:04:27] Black wants to play ...Bxf3.} 21. Qb3 (21. axb4 Bxf3 22. Nxf3 Rxb4 $17) (21. Rce1 g5) 21... a4 (21... Bxf3 $15 22. Nxf3 Rb8) 22. Bxa4 $11 Rxa4 23. Qxa4 $16 Nd3 {[%emt 0:00:05][%csl LRb2,LRc1] [#]} 24. Qb3 $2 Nxc1 $17 25. Rxc1 g5 $36 {[%emt 0:01:12][%mdl 2048] Black is on the roll.} 26. Bg3 Bxg3 (26... g4 $1 $17 27. Nf5 (27. Bxd6 $2 Qxd6 28. Qb4 Qf4 $19) 27... Bxg3 28. Nxh6+ Kh7 29. Ng5+ Kxh6 30. Nxe4 Bxh2+ 31. Kxh2 Nxe4 32. Qe3+ Kg7) 27. hxg3 $11 {[%emt 0:01:48] Strongly threatening Qc3.} (27. fxg3 g4 28. Qc3 gxf3 29. gxf3 Re8 $17) 27... g4 28. Nf5 (28. Qc3 $11 {keeps the balance.} gxf3 29. gxf3) 28... gxf3 $17 29. gxf3 Re5 30. Nxh6+ (30. Nd4 $1 $15) 30... Kh7 $19 (30... Kg7 31. f4 Re8 32. Nf5+ Kg8 33. Qb4 $17) 31. f4 Re8 32. Nf5 Bg6 (32... Qc8 $1 $19 {[%cal Rc8f5] has better winning chances.} 33. Nh4 Qh3 34. Qd3+ Kg8) 33. Nd4 $17 Qc8 (33... Ne4 $17 {Hoping for ...Qf6.} 34. Qf3 f5) 34. Kg2 $1 $11 Kg7 35. f3 (35. Rh1 $11 {was the only way to keep the balance.}) 35... Rh8 $17 36. g4 {[%emt 0:00:04] aiming for f5.} Rh4 $1 {[%emt 0:00:32] Threatens to win with ...Qh8.} ({Stronger than} 36... Nxg4 37. fxg4 Rh4 38. Qc3 (38. Qg3 $2 Rxg4 39. Re1 Be4+ 40. Kf2 Rxg3 $19) 38... Rxg4+ 39. Kf2 Rxf4+ 40. Ke3 Re4+ 41. Kf2 (41. Kd2 Kg8 $15) 41... Rf4+ 42. Ke3 Re4+ 43. Kf2 (43. Kd2 Kg8 $15) 43... Rf4+ $11) 37. Qc3 $2 (37. Rh1 $17 Rxg4+ 38. fxg4 Qxg4+ 39. Qg3 Be4+ 40. Kh2 Qxg3+ 41. Kxg3 Bxh1 42. a4) 37... Qh8 $19 38. Rg1 Rh2+ 39. Kf1 Qh3+ $2 (39... Qh4 $1 {mates} 40. Nf5+ Bxf5 41. gxf5+ Kh7 42. Rg2 Qh3 43. Qc2 Nh5 44. Kg1 Rh1+ 45. Kf2 Nxf4 46. Rg7+ Kxg7 47. f6+ Kxf6 48. Ke3 Re1+ 49. Kd4 Qf1 50. b3 Qg1+ 51. Qf2 Qxf2+ 52. Kc3 Qc5+ 53. Kb2 Re2+ 54. Kb1 Qg1#) 40. Ke1 $11 Qh4+ 41. Kd1 Qf2 42. Re1 {[%emt 0:00:41] Chess con chili.} Kh7 $2 (42... Qxb2 43. Qxb2 Rxb2 44. Re7 $16) (42... Bb1 $1 $11 {and Black stays safe.}) 43. f5 $18 Bh5 44. gxh5 Rh4 45. Nc2 (45. Ne2 $142 Nxh5 46. f6) 45... Rc4 {[%emt 0:00:00] [#]} 46. Qd3 ({But not} 46. Re2 Qf1+ 47. Re1 Qg2) 46... Rxc6 47. Re2 Qg1+ {[%emt 0:00:00] [#]} 48. Ne1 $1 d4 (48... Rc4 {was worth a try.} 49. Qe3 Qxe3 50. Rxe3 Kh6) 49. Qb3 Qg8 50. Re7 Kg7 51. h6+ Kxh6 52. Re2 {[%emt 0:02:43] Black must now prevent Rh2+.} Qg5 53. Rh2+ (53. Rc2 $16 Rxc2 54. Qxc2) 53... Nh5 ({Black should play} 53... Kg7 $1 $14 54. Rc2 Rxc2 55. Qxc2 Nd5) 54. Rc2 Rxc2 55. Qxc2 {[%emt 0:00:06][%mdl 4096] Endgame KQN-KQN} Qe7 56. Qd2+ Kh7 57. Qxd4 Ng3 58. Qd3 {[%emt 0:00:12] Against Qe2+. White threatens f6+ and mate.} Qe5 59. f6+ Nf5 60. Nc2 Kg6 61. Kc1 ({Better is} 61. b4 $18) 61... Kxf6 $16 62. a4 ({White should try} 62. b3 $16) 62... Qf4+ $1 $14 63. Kb1 Qxa4 64. Qc3+ Kg6 65. Qxc7 Qb5 66. Qf4 Qd3 67. b4 f6 {[%emt 0:00:36] The position is equal.} 68. Kb2 Nd6 69. Qg4+ Kh6 {[%emt 0:00:31] ( -> ...Nc4+)} 70. Qh4+ Kg7 {[%emt 0:00:22] ...Nc4+ is the strong threat.} 71. Qg4+ Kh6 (71... Kf8 72. Qd4 Nc4+ 73. Kc1 Qxd4 74. Nxd4 $16) 72. Qh4+ Kg7 {[%emt 0:00:01] And now ...Nc4+ would win.} 73. Qg4+ Kh6 {[%emt 0:01:50] White really could win this.  Weighted Error Value: White=0.58/Black=0.38} ({Resist} 73... Kf8 74. Qd4 Nc4+ 75. Kc1 Qxd4 76. Nxd4 $16) 1/2-1/2

[Event "HSK GM Invitational 2022"]
[Site "Hamburg"]
[Date "2022.05.22"]
[Round "3.1"]
[White "Trent, Lawrence"]
[Black "Prohaszka, Peter"]
[Result "0-1"]
[ECO "B12"]
[WhiteElo "2398"]
[BlackElo "2579"]
[Annotator "TA"]
[PlyCount "110"]
[EventDate "2022.05.20"]
[EventType "tourn"]
[EventCountry "GER"]
[SourceTitle "playchess.com"]
[Source "ChessBase"]
[SourceQuality "1"]
[TimeControl "40/5400+30:1800+30"]

1. e4 c6 2. d4 d5 3. e5 Bf5 4. h4 h5 5. Bd3 Bxd3 6. Qxd3 {[%emt 0:00:03][%cal Oe5e6] B12: Caro-Kann: Advance Variation.} Qa5+ 7. b4 Qa6 8. e6 {[%emt 0:00:05] The position is equal.} Qxd3 9. cxd3 fxe6 10. Nd2 {[%emt 0:00:05] [#]} Nh6 $146 ({Predecessor:} 10... e5 11. dxe5 e6 12. Rb1 Nh6 13. Ndf3 Nf5 14. Nh3 Na6 15. Bd2 Be7 16. Nf4 Kf7 {½-½ (29) Martinez Alcantara,J (2598)-Nakamura,H (2750) Chess.com INT 2022}) 11. Ndf3 {[%emt 0:00:18][%mdl 1024] White has compensation.} Nf5 12. Ne2 Na6 13. Rb1 g6 14. Nf4 Bg7 15. Nxe6 Bf6 $1 16. Kd1 Kd7 17. Re1 Nc7 18. Nxc7 Kxc7 19. Bf4+ Kd7 20. b5 cxb5 (20... Nxd4 $2 21. Nxd4 Bxd4 22. bxc6+ Kxc6 23. Rxe7 $18) (20... Bxd4 $2 21. bxc6+ Kxc6 22. Nxd4+ Nxd4 23. Rxe7 $18) 21. Rxb5 b6 22. a4 Rhd8 23. Bg5 Kc6 24. Rb2 Re8 25. Rbe2 {[%emt 0:09:16] Threatens to win with Bxf6.} Kd7 ({Don't play} 25... Nxd4 26. Bxf6 (26. Nxd4+ Bxd4 27. Re6+ Kd7 $11) 26... Nxe2 27. Be5 $16) 26. Re6 Ng7 27. R6e2 Rac8 28. Ra2 Nf5 29. Rae2 (29. a5 $11 {keeps the balance.}) 29... Ng7 ({Better is} 29... Bh8 $17 {...Rc3 is the strong threat.} 30. a5 Rc3 31. axb6 Rxd3+ 32. Kc2 Rxf3 $1 33. gxf3 Nxd4+ 34. Kd3 Nxe2 35. bxa7 Bd4 $1 36. Kxe2 Bxa7) 30. Ra2 $11 Rc6 31. Rae2 (31. Re5 $11) 31... Re6 ({Black should try} 31... Rc3 $1 $17 32. a5 Rxd3+ 33. Kc2 Ra3 34. axb6 axb6) 32. Ne5+ (32. Re3 $11) 32... Bxe5 $17 33. dxe5 Rc6 34. Ra2 Ne6 35. Be3 d4 36. Bd2 Nc5 37. Ke2 Ke6 38. f4 Kf5 39. Rc2 {[%emt 0:00:23] [#]} (39. Rb1 $17) 39... Rec8 $1 $19 40. Rec1 {[%emt 0:00:07] [#]} (40. a5 $142) 40... R6c7 $1 41. Kf3 Ne6 42. Rxc7 Rxc7 {[%emt 0:00:02][%mdl 4096] Endgame KRB-KRN} 43. Rd1 Rc2 44. g3 $2 (44. a5 {keeps fighting.}) 44... a5 45. Be1 Ra2 46. Rb1 Nc5 47. Bf2 {[%emt 0:00:05] Black is clearly winning.} Rxa4 48. Rxb6 Nxd3 49. e6 Nxf2 50. Rb5+ Kxe6 51. Kxf2 Ra1 52. Re5+ Kd6 {[%emt 0:00:44] White must now prevent ...a4.} 53. Rg5 a4 {[%emt 0:00:48] Strongly threatening ...a3.} 54. Rxg6+ Kd5 {[%emt 0:01:02] Hoping for ...a3.} 55. Rg5+ Kc4 {[%emt 0:09:45] Weighted Error Value: White=0.42/Black=0.06 (flawless)} 0-1

[Event "HSK GM Invitational 2022"]
[Site "Hamburg"]
[Date "2022.05.22"]
[Round "3.2"]
[White "Colpe, Malte"]
[Black "Souleidis, Georgios"]
[Result "0-1"]
[ECO "D32"]
[WhiteElo "2348"]
[BlackElo "2430"]
[Annotator "TA"]
[PlyCount "102"]
[EventDate "2022.05.20"]
[EventType "tourn"]
[EventCountry "GER"]
[SourceTitle "playchess.com"]
[Source "ChessBase"]
[SourceQuality "1"]
[TimeControl "40/5400+30:1800+30"]

1. d4 d5 2. c4 e6 3. Nc3 c5 4. cxd5 cxd4 5. Qa4+ Bd7 6. Qxd4 exd5 7. Qxd5 Nf6 8. Qd1 Bc5 9. Nf3 O-O 10. e3 Qe7 11. Be2 Rd8 12. O-O Nc6 13. Qb3 {[%emt 0:08:36] D32: Tarrasch Defence: Sidelines and lines without g3.} a6 14. Bd2 ({Don't blunder} 14. Qxb7 $2 Rdb8 15. Qc7 Bd6 16. Qxb8+ Rxb8 17. Bxa6 Ng4 $19) 14... Bf5 {[%emt 0:35:06] [#]} 15. Rfd1 $146 {[%emt 0:12:12] White is slightly better.} ({Predecessor:} 15. Na4 Be6 16. Qc2 Ba7 17. Rfd1 Rac8 18. Nc3 Nb4 19. Qb1 g6 20. Ne4 Nc2 21. Nxf6+ Qxf6 {1-0 (45) Ding,L (2799)-Grischuk,A (2776) chess24.com INT 2021}) 15... b5 {[%emt 0:12:43] Inhibits Bc4.} 16. Nh4 $1 Be6 17. Qc2 Nb4 18. Qb1 g6 {[%emt 0:00:14] Inhibits Nf5.} 19. a3 Nc6 20. b4 Bb6 21. Nf3 Ng4 ({Black should try} 21... Bf5 $14 22. Qb2 Ne5) 22. Qb2 Bc7 23. Be1 Nce5 (23... Rab8 $16 {was worth a try.}) 24. h3 $18 Nf6 25. Rxd8+ (25. Nd4 $142) 25... Rxd8 $16 26. Nd4 Nc4 27. Bxc4 Bxc4 28. Rd1 {[%emt 0:01:42] aiming for Nc6.} Rc8 29. Qd2 h6 30. f3 (30. Nc6 $5 Qe8 31. Na5 $11) 30... Re8 31. Bf2 Qd6 32. f4 Qe7 33. Nf3 Rd8 34. Qe1 Re8 35. Bh4 Kg7 $2 {[%emt 0:00:47] [#]} (35... Bb6 $11) 36. Kf2 $4 {[%emt 0:01:57][%mdl 8192] [#]} (36. Rd4 $1 $18 {is the narrow road to win.}) 36... Bxf4 $1 $19 37. e4 (37. Kg1 Qxe3+) 37... Qa7+ 38. Nd4 Bb3 (38... g5 $19 39. Bg3 Rd8 40. Bxf4 gxf4) 39. Bxf6+ $17 Kxf6 40. Rd3 (40. Kf1 $17 Bxd1 41. Nd5+ Kg7 42. Nc6) 40... Bc4 $36 {[%emt 0:00:52][%mdl 2048] Black is on the roll.} 41. Rd1 Bb3 {[%emt 0:16:07] A strong pair of Bishops.} (41... Bc7 $19 {...Bb6 is the strong threat.} 42. Kf3 (42. Qe3 $2 Bb6 $19) 42... Kg7) 42. Rd3 $1 $17 Bc4 {[%emt 0:00:08] Black is much more active.} (42... Rd8 $17 43. Kf3 Rxd4 44. Rxd4 Qxd4 45. Kxf4 g5+ 46. Kf3 Bc4) 43. Rd1 $19 Kg7 (43... Bc7 $19 {Hoping for ...Bb6.} 44. Kf3 (44. Qe3 Bb6 $17) 44... Kg7) 44. Kf3 Qc7 ({Better is} 44... Bc7 $19 {[%cal Of7f5] And now ...f5! would win.} 45. g4 Bb6) 45. Nde2 $2 (45. g3 $17 Be5 46. Kg2) 45... Be5 46. Nd5 Qc6 47. Nec3 $2 (47. g3 {is tougher.}) 47... Re6 48. Kf2 Rf6+ 49. Kg1 $2 (49. Ke3 Bxc3 50. Nxc3) 49... Rf1+ {[%emt 0:00:24] Black is clearly winning.} 50. Qxf1 Bxf1 51. Kxf1 Bxc3 {[%emt 0:00:28] Black used his chance.  Weighted Error Value: White=0.52/Black=0.38} 0-1

[Event "HSK GM Invitational 2022"]
[Site "Hamburg"]
[Date "2022.05.22"]
[Round "3.3"]
[White "Svane, Frederik"]
[Black "Mendonca, Leon Luke"]
[Result "1/2-1/2"]
[ECO "B10"]
[WhiteElo "2501"]
[BlackElo "2551"]
[Annotator "TA"]
[PlyCount "90"]
[EventDate "2022.05.20"]
[EventType "tourn"]
[EventCountry "GER"]
[SourceTitle "playchess.com"]
[Source "ChessBase"]
[SourceQuality "1"]
[TimeControl "40/5400+30:1800+30"]

1. e4 c6 2. Nf3 d5 3. d3 Qc7 4. Nc3 dxe4 5. dxe4 e5 6. Bc4 {[%emt 0:00:04] B10: Caro-Kann: 2 d3 and 2 c4.} b5 7. Bb3 h6 {[%emt 0:00:37] Against Ng5} 8. Qe2 Nf6 9. a4 b4 10. Nd1 {[%emt 0:00:20][%cal Bc3d1,Bd1e3,Be3c4][%mdl 32] [#]} Nbd7 $146 ({Predecessor:} 10... Bc5 11. Bc4 Nbd7 12. b3 Bd6 13. Bb2 Nc5 14. Nd2 O-O 15. f3 Ne6 16. Bxe6 Bxe6 {1-0 (72) Lei,T (2505)-Gunina,V (2462) Riga 2021}) 11. Ne3 ({Of course not} 11. Qc4 Nc5 12. Qe2 Ncxe4 $17) 11... Nc5 12. Nc4 Nfd7 (12... Ncxe4 $2 13. Ncxe5 Bc5 14. Bxf7+ Kf8 15. Be3 $18) 13. O-O Be7 14. Be3 O-O 15. Nfd2 Nxb3 16. cxb3 Nc5 17. Qh5 Nd3 18. Nf3 Bf6 19. Rad1 Rd8 20. Nfxe5 Nxe5 21. Rxd8+ Qxd8 22. Nxe5 Qe8 23. Nc4 Qxe4 24. Qxf7+ Kxf7 25. Nd6+ Kg8 26. Nxe4 Bxb2 27. Rb1 Be5 28. Rc1 Be6 29. Nc5 Bd5 30. Na6 Bxb3 {[%emt 0:02:52] A strong pair of Bishops.} 31. Nxb4 Bxa4 {[%emt 0:00:26] White should prevent ...a5.} 32. Nxc6 Bxc6 33. Rxc6 $11 {[%emt 0:00:03][%mdl 4096] Endgame KRB-KRB} a5 {[%emt 0:00:10][%cal Ba7a5,Ba5a4,Ba4a3][%mdl 32] [#] ...a4 is the strong threat.} 34. f4 (34. Bc5 $11) 34... Bf6 ({Better is} 34... Bb2 $15 35. Rc2 Bf6) 35. Bc5 {[%emt 0:00:31] The position is equal.} a4 {[%emt 0:00:08] And now ...a3 would win.} 36. Ba3 Rb8 37. Ra6 Rb1+ 38. Kf2 Ra1 39. Bd6 ({Much worse is} 39. Rxa4 {[#]} Be7 $1 40. Bxe7 (40. Ra8+ $2 Kf7 $17) 40... Rxa4 $17) 39... Bb2 40. Be5 a3 41. Rg6 Bxe5 42. fxe5 a2 (42... Rc1 $5 43. Ra6 Rc3 $15) 43. Ra6 Kf7 44. Kg3 Re1 45. Rxa2 Rxe5 {[%emt 0:00:00] An even fight not without its subleties.  Weighted Error Value: White=0.05 (flawless) /Black=0.04 (flawless)} 1/2-1/2

[Event "HSK GM Invitational 2022"]
[Site "Hamburg"]
[Date "2022.05.22"]
[Round "3.4"]
[White "Kotronias, Vasilios"]
[Black "Woelk, Tom-Frederic"]
[Result "1-0"]
[ECO "B48"]
[WhiteElo "2465"]
[BlackElo "2315"]
[Annotator "TA"]
[PlyCount "79"]
[EventDate "2022.05.20"]
[EventType "tourn"]
[EventCountry "GER"]
[SourceTitle "playchess.com"]
[Source "ChessBase"]
[SourceQuality "1"]
[TimeControl "40/5400+30:1800+30"]

1. e4 c5 2. Nf3 e6 3. d4 cxd4 4. Nxd4 Nc6 5. Nc3 Qc7 6. Be3 a6 7. g4 {[%emt 0:00:07] B48: Sicilian: Taimanov: 5 Nc3 Qc7 6 Be3 a6 without Be2.} b5 8. Nxc6 Qxc6 9. Qd2 {[%emt 1:33:59] The position is equal.} b4 10. Ne2 Qxe4 11. Rg1 Qc4 12. Ng3 Qc7 13. O-O-O Nf6 14. Bf4 {[%emt 0:03:22] [#]} Qb6 $146 ({Predecessor:} 14... d6 15. Qxb4 Rb8 16. Bxd6 Rxb4 17. Bxc7 Nd5 18. Be5 Bc5 19. c4 Ne3 20. Bc3 Nxd1 21. Bxb4 Bxb4 22. Kxd1 {½-½ (59) Wachinger,N (2360)-Finek,V (2425) Marianske Lazne 2022}) 15. Be5 Bc5 (15... d5 $11) 16. Qg5 (16. Bg2 $16 d5 17. g5 Bxf2 18. Rge1 (18. gxf6 $2 Be3 $19) 18... Bxe1 19. Rxe1) 16... Rg8 (16... Rf8 17. Qxg7 Nd5 18. Ne4 $16) (16... Be7 $1 $11) 17. Bxf6 $16 {[%emt 0:10:43][%mdl 64] Pin. White is more active.} Bxf2 $2 {[%emt 0:30:09] [#] Loses the game.} (17... h6 $16 18. Qf4 gxf6) 18. Nf5 $1 $18 exf5 {[%emt 0:01:50] [#]} (18... Bxg1 $2 19. Bd4 (19. Nd6+ Qxd6 20. Rxd6 h6 $16) 19... f6 20. Qh5+ Kd8 21. Bxb6+ Bxb6 22. Qf7 $18) 19. Bd4 {[%emt 0:05:39][%mdl 576] Prevents Be3+. Deflection} Bxd4 20. Re1+ Qe6 {[%emt 0:00:18][%cal Re6e1] [#]} 21. Bc4 $1 $40 {[%emt 0:06:33][%mdl 192] Pin. White attacks with force.} Bxg1 22. Bxe6 {[%emt 0:00:08] Dancing on a razor blade.} (22. Rxe6+ $2 {is the wrong capture.} dxe6 23. gxf5 Ba7 $19) 22... dxe6 23. Rxg1 {[%emt 0:00:12][%cal Be1g1,Bg1g4,Bg4d4][%mdl 32] Strongly threatening gxf5.} fxg4 24. Rxg4 a5 25. Qb5+ Bd7 26. Qb7 Ke7 $2 (26... Rd8 {was worth a try.} 27. Qc7 f5) 27. Rd4 Rad8 28. Qc7 f5 29. Qxa5 Rge8 30. Qxb4+ Kf7 31. Qb7 Re7 32. Qc7 Rc8 33. Qe5 ({Not} 33. Qb7 Rxc2+ 34. Kb1 (34. Kxc2 Ba4+ 35. Rxa4 Rxb7 $17) 34... Ba4 $14) 33... g5 34. a4 h5 35. a5 Ra8 36. h4 g4 37. b4 Rg8 (37... Bc6 $142 38. Kb2 Rg8) 38. Rd3 {[%emt 0:06:21] White is clearly winning.} Bc6 39. b5 Be4 40. Rc3 {[%emt 0:00:38] Weighted Error Value: White=0.23 (precise) /Black=0.42} 1-0

[Event "HSK GM Invitational 2022"]
[Site "Hamburg"]
[Date "2022.05.23"]
[Round "4.1"]
[White "Prohaszka, Peter"]
[Black "Carlstedt, Jonathan"]
[Result "1-0"]
[ECO "A63"]
[WhiteElo "2579"]
[BlackElo "2444"]
[Annotator "TA"]
[PlyCount "73"]
[EventDate "2022.05.20"]
[EventType "tourn"]
[EventCountry "GER"]
[SourceTitle "playchess.com"]
[Source "ChessBase"]
[SourceQuality "1"]
[TimeControl "40/5400+30:1800+30"]

1. d4 Nf6 2. Nf3 c5 3. d5 e6 4. c4 exd5 5. cxd5 d6 6. Nc3 g6 7. g3 Bg7 8. Bg2 O-O 9. O-O a6 10. a4 Nbd7 11. Bf4 Qc7 12. Rc1 {[%emt 0:05:43][%cal Ob2b4] A63: Modern Benoni: Fianchetto Variation: 9...Nbd7.} h6 {[%emt 0:16:14] [#]} 13. h3 $146 ({Predecessor:} 13. e4 g5 14. Bd2 Re8 15. Ne1 c4 16. b4 cxb3 17. Nb5 Qb6 18. Be3 Nc5 19. Nxd6 Qxd6 20. Bxc5 {0-1 (28) Veinberg,N (2147)-Oganian,M (2331) Budva 2013}) 13... Nh5 14. Bd2 {[%emt 0:05:04] White is slightly better.} f5 (14... Nhf6 $14) 15. Re1 Ndf6 16. b4 b6 ({Black should try} 16... Ne4 $14) 17. a5 $1 $16 {[%emt 0:01:51] Hoping for axb6.} b5 18. Be3 (18. bxc5 $16 {Strongly threatening e4.} dxc5 19. d6 Qxd6 20. Nh4) 18... cxb4 (18... Rd8 $14) 19. Nxb5 $1 $18 Qxa5 (19... Qe7 {was called for.}) 20. Nc7 $2 (20. Nxd6 $18 {is the precise move to win. Ne5 is the strong threat.} Qxd5 21. Nh4 Qxd1 22. Rexd1) 20... Rb8 $16 21. Nd4 {[%emt 0:01:56] aiming for Qd2. White is more active.} Rf7 (21... Ne4 $16) 22. Nce6 $1 $18 {[%emt 0:06:41] Black must now prevent Ra1.} Nxd5 {[%emt 0:14:46] [#]} 23. Nc6 $1 $36 {[%emt 0:02:23][%csl LRa5,LRb8,LRd5][%mdl 2048] Keeping Black busy.} Nxe3 24. Qxd6 Qb6 25. Nxg7 {[%emt 0:02:05] The board is on fire.} ({Inferior is} 25. Qxb8 Qxb8 26. Nxb8 Bxe6 $17) 25... Kxg7 26. Qxb8 Qxb8 27. Nxb8 Nxg2 28. Kxg2 Bb7+ 29. f3 Nf6 30. Nc6 Nd5 31. Kf2 Ba8 {[%emt 0:03:11] [#]} 32. Rc5 $1 f4 33. gxf4 Rxf4 $2 (33... Nxf4 {was worth a try.} 34. Nxb4 g5) 34. e4 {[%emt 0:00:59] White is clearly winning.} Nc3 35. Kg3 g5 36. Nxb4 Nb5 37. Rd1 {[%emt 0:00:30] Inhibits Nd4.  Weighted Error Value: White=0.23 (precise) /Black=0.47} 1-0

[Event "HSK GM Invitational 2022"]
[Site "Hamburg"]
[Date "2022.05.23"]
[Round "4.2"]
[White "Woelk, Tom-Frederic"]
[Black "Koellner, Ruben Gideon"]
[Result "0-1"]
[ECO "C41"]
[WhiteElo "2315"]
[BlackElo "2440"]
[Annotator "TA"]
[PlyCount "76"]
[EventDate "2022.05.20"]
[EventType "tourn"]
[EventCountry "GER"]
[SourceTitle "playchess.com"]
[Source "ChessBase"]
[SourceQuality "1"]
[TimeControl "40/5400+30:1800+30"]

1. e4 d6 2. d4 Nf6 3. Nc3 e5 4. Nf3 Nbd7 5. g4 Nxg4 6. Rg1 {[%emt 0:00:42] C41: Philidor Defence.} (6. Bg5 {keeps more tension.} Be7 7. Bxe7 Qxe7 8. Nd5) 6... Ngf6 7. Be3 $1 c6 8. Qd2 {[%emt 0:01:17] Black has an edge.} b5 9. a3 Qa5 10. Bd3 Bb7 {[%emt 0:05:44] [#]} 11. Kf1 $146 (11. O-O-O $15) ({Predecessor:} 11. O-O-O a6 12. Qe1 c5 13. Bd2 Qc7 14. dxe5 dxe5 15. Nd5 Nxd5 16. exd5 g6 17. Nxe5 Nxe5 {1-0 (86) Trbojevic,M (2365)-Egri,L (2104) Hungary 2014}) 11... a6 (11... Qc7 $17) 12. b4 Qc7 13. a4 (13. Be2 $17) 13... g6 $19 14. Bh6 (14. axb5 $142 cxb5 15. d5) 14... Bxh6 15. Qxh6 Qd8 (15... exd4 $19 16. Ne2 c5) 16. Rg5 ({White should try} 16. axb5 cxb5 17. d5) 16... Qe7 17. Re1 Nh5 18. axb5 axb5 {[%emt 0:01:43] Hoping for ...Ndf6.} 19. d5 Ndf6 {[%emt 0:08:55] [#] And now ...Ng8 would win.} 20. dxc6 Bxc6 {[%emt 0:00:13] White must now prevent ...Ng8.} 21. Rg1 $2 {[%emt 0:02:03] Now White is beyond hope.} ({Don't go for} 21. Bxb5 $2 Bxb5+ 22. Nxb5 Ng8 23. Rxe5 dxe5 $19) (21. Nd5 $17 Qf8 22. Rxh5 Nxh5 23. Qe3) 21... Qb7 22. Qg5 Ra3 23. Nd5 (23. Nb1 $142 h6 24. Qe3) 23... Bxd5 24. exd5 h6 25. Qc1 Rc3 26. Qa1 {[%emt 0:00:35] [#]} (26. Qd2 {was called for.} Rc8 27. Nd4) 26... Rxd3 $1 27. Nxe5 (27. cxd3 O-O) 27... dxe5 28. Qxe5+ (28. Rxe5+ $142 Kd7 29. cxd3) 28... Kf8 29. cxd3 Qxd5 30. Qxd5 Nxd5 31. Rg4 Nhf4 {[%emt 0:00:47] Black is clearly winning.} 32. Re4 g5 33. Rd4 f5 34. Rg3 (34. Rgxf4 $142 Nxf4 35. Rd7) 34... Ke7 35. h4 Kf6 36. hxg5+ hxg5 {[%emt 0:00:05][%cal Bh6g5,Bg5g4][%mdl 32] ( -> ...Rh1+)} 37. Ke1 g4 {[%emt 0:01:24] aiming for ...Ke5.} 38. f3 Rh3 {[%emt 0:00:25] Weighted Error Value: White=0.97/Black=0.28 (precise)} 0-1